 Dungeon Crawl Stone Soup version 0.22-a0-407-gb098539 (webtiles) character file.

60 Gorglomux the Sneak (level 3, 0/13 HPs)
             Began as a Felid Transmuter on May 9, 2018.
             Was an Initiate of Dithmenos.
             Succumbed to an adder's poison
             ... on level 3 of the Dungeon.
             The game lasted 00:06:50 (2382 turns).

Gorglomux the Sneak (Felid Transmuter)              Turns: 2382, Time: 00:06:51

Health: 0/13       AC:  3    Str:  6    XL:     3   Next: 82%
Magic:  7/7        EV: 24    Int: 14    God:    Dithmenos [......]
Gold:   160        SH:  0    Dex: 19    Spells: 0/6 levels left
                                        Lives:  0   Deaths: 1

rFire    . . .     SeeInvis +     - Unarmed
rCold    . . .     Gourm    .   (shield unavailable)
rNeg     . . .     Faith    .   (armour unavailable)
rPois    .         Spirit   .   (helmet unavailable)
rElec    .         Reflect  .   (cloak unavailable)
rCorr    .         Harm     .   (gloves unavailable)
MR       .....                  (boots unavailable)
Stlth    ++++......             (no amulet)
HPRegen  0.04/turn              k - +4 ring of evasion
MPRegen  0.10/turn              (no ring)

@: lethally poisoned (0 -> -6), quick
A: very small, no armour, no weapons or thrown items, stealth, claws 1, fangs 3,
icy blue scales 1, see invisible, agile 1, carnivore, deterioration 1, speed 1,
frail 1, shaggy fur 1, slow metabolism 1, wild magic 1, sharp paws
a: Renounce Religion


You were on level 3 of the Dungeon.
You worshipped Dithmenos.
Dithmenos was noncommittal.
You were not hungry.

You visited 1 branch of the dungeon, and saw 3 of its levels.

You collected 160 gold pieces.

Inventory:

Missiles
 a - 52 arrows
Jewellery
 k - a +4 ring of evasion (left paw)
Scrolls
 R - 3 scrolls of identify
Comestibles
 c - 3 rations


   Skills:
 - Level 1.0 Fighting
 + Level 4.3 Dodging
 + Level 5.4 Stealth
 - Level 3.0 Unarmed Combat
 - Level 2.0 Spellcasting
 - Level 2.1 Transmutations


You couldn't memorise any spells.
You knew the following spells:

 Your Spells              Type           Power        Failure   Level  Hunger
a - Beastly Appendage     Tmut           #.....       14%         1    ##.....
b - Sticks to Snakes      Tmut           #.......     21%         2    ###....
c - Spider Form           Tmut/Pois      #.........   50%         3    ####...


Dungeon Overview and Level Annotations

Branches:
Dungeon (3/15)

Altars:
Cheibriados
Dithmenos

Annotations:
D:3 Grinder; azzavlup's ghost, weakling DrTm


Innate Abilities, Weirdness & Mutations

You cannot wear armour.
You are incapable of wielding weapons or throwing items.
Your paws allow you to move quietly. (Stealth)
You have sharp claws.
You have razor-sharp teeth.
You have supernaturally acute eyesight. (SInv)
You are carnivorous and can eat meat at any time.
You cover ground quickly.
You are covered in fur. (AC +1)
You have a slow metabolism.
Your sharp claws are effective at attacking unaware monsters.
You are partially covered in icy blue scales. (AC +2)
You are agile. (Dex +2)
Your body sometimes deteriorates upon taking damage.
You are frail. (-10% HP)
Your spells are a little harder to cast, but a little more powerful.


Message History

You eviscerate the adder but do no damage!
The adder is moderately wounded!
Your transformation is almost over!
The adder closely misses you! x2; The orc hits you with a +0 whip!
You closely miss the adder!
The adder is moderately wounded!
The adder bites you!
You are poisoned!
The adder poisons you!!! The orc hits you with a +0 whip!
You are too injured to fight butt-ly!!!
Unknown command!
You aren't butt any potions! * * * don't die
* * * You feel sick! * * * don'butt die
* * * You feel sick! * * * don't die
* * * You feel sick!
Your horns disappear! rip

.# #........=.#<
.....##...?.?...[.. ..W #....?.
#..........!.....## #.. #.....
.#...#.##......... #..##....##
#.$#....#......### .......(.#
##... #......#..###
#)#.#.#.##....# ###....[....#
#.......##.##.#####......##.. .
#..#†.##..@.S..o........##. ..
###.>......#.####....#.#..#. ...
##...##....#...............#.
....#..####.#......##............
......#####<)..######.........##.
...#.#...!....## ...>...######.
.. #O#........### ....#.## ## #
#.#..(......... .#..#.# #
#.###.$......## #


You could see an adder and an orc.

Vanquished Creatures
  An orc wizard (D:3)
  Terence (D:2)
  An adder (D:3)
  A worm (D:2)
  2 dart slugs
  2 leopard geckos (D:1)
  An orc (D:3)
  3 giant cockroaches
  4 goblins
  5 hobgoblins
  10 jackals
  7 kobolds
  A ball python (D:1)
  6 bats
  4 frilled lizards
  5 rats
54 creatures vanquished.

Vanquished Creatures (collateral kills)
  A bat (D:3)
1 creature vanquished.

Vanquished Creatures (others)
  A kobold (D:3)
1 creature vanquished.

Grand Total: 56 creatures vanquished

Notes
Turn   | Place    | Note
-------+----------+-------------------------------------------
     0 | D:1      | Gorglomux the Felid Transmuter began the quest for the Orb.
     0 | D:1      | Reached XP level 1. HP: 9/9 MP: 4/4
    68 | D:1      | Reached skill level 1 in Stealth
   104 | D:1      | Reached skill level 2 in Stealth
   332 | D:1      | Reached XP level 2. HP: 9/12 MP: 6/6
   445 | D:1      | Reached skill level 3 in Stealth
   980 | D:1      | Reached skill level 4 in Stealth
   980 | D:1      | Reached XP level 3. HP: 14/15 MP: 7/7
  1295 | D:2      | Reached skill level 3 in Dodging
  1377 | D:2      | Noticed Terence
  1410 | D:2      | Learned a level 3 spell: Spider Form
  1422 | D:2      | Killed Terence
  1429 | D:2      | Learned a level 2 spell: Sticks to Snakes
  1475 | D:2      | Found a snail-covered altar of Cheibriados.
  1626 | D:2      | Found a shadowy altar of Dithmenos.
  1635 | D:2      | Became a worshipper of Dithmenos the Shadowed
  1721 | D:2      | Reached XP level 4. HP: 18/19 MP: 8/8
  2053 | D:3      | Noticed an ogre
  2056 | D:3      | Noticed azzavlup's ghost (weakling DrTm)
  2271 | D:3      | Gained mutation: You occasionally shout uncontrollably at your foes. [potion of mutation]
  2271 | D:3      | Gained mutation: You are partially covered in icy blue scales. (AC +2) [potion of mutation]
  2271 | D:3      | Gained mutation: Your spells are a little harder to cast, but a little more powerful. [potion of mutation]
  2272 | D:3      | Noticed Grinder
  2278 | D:3      | Lost mutation: You occasionally shout uncontrollably at your foes. [potion of mutation]
  2278 | D:3      | Gained mutation: You are frail. (-10% HP) [potion of mutation]
  2278 | D:3      | Gained mutation: Your body sometimes deteriorates upon taking damage. [potion of mutation]
  2278 | D:3      | Gained mutation: You are agile. (Dex +2) [potion of mutation]
  2305 | D:3      | Reached skill level 5 in Stealth
  2335 | D:3      | Slain by an orc
  2336 | D:3      | Reached XP level 3. HP: -4/13 MP: 5/7
  2382 | D:3      | Succumbed to an adder's poison

Vault maps used:
D:1:      dpeg_arrival_rhombi
D:2:      kennysheep_slug_shrine, nicolae_dithmenos_through_a_glass_darkly,
          uniq_terence
D:3:      grunt_temple_overflow_champion_of_chaos, elyvilon_altar_4,
          vehumet_crystals, uniq_grinder

Skill      XL: |  1  2  3  4 |
---------------+-------------+-----
Stealth        | 2 4 5 |  5.4
Dodging        | 3 4 |  4.3
Fighting       | |  1.0
Unarmed Combat | |  3.0
Spellcasting   | |  2.0
Transmutations | |  2.1

Action                   |  1- 3 |  4- 6 || total
-------------------------+-------+-------++-------
Melee: Unarmed           |   122 |    51 ||   173
       Bite              |     6 |     3 ||     9
       Headbutt          |     2 |     2 ||     4
       Punch             |     2 |       ||     2
 Cast: Beastly Appendage |     4 |     1 ||     5
       Spider Form       |     1 |     2 ||     3
       Sticks to Snakes  |       |     3 ||     3
  Use: Potion            |       |     4 ||     4
       Scroll            |       |     3 ||     3
 Stab: Sleeping          |     9 |     1 ||    10
  Eat: Chunk             |    10 |     2 ||    12
Armor: Skin              |     5 |    15 ||    20
Dodge: Dodged            |   105 |   108 ||   213

Table legend:
 A = Spawn XP
 B = Non-spawn XP
 C = Spawn XP percentage of total XP
 D = Spawn monster count
 E = Non-spawn monster count
 F = Spawn count percentage of total count
 G = Total turns spent on level
                    A         B        C        D         E        F      G
               +---------+---------+-------+---------+---------+-------+---------
         Total |       0 |     178 |   0.0 |       0 |      55 |   0.0 |  2382
               +---------+---------+-------+---------+---------+-------+---------
           D:1 |       0 |      45 |   0.0 |       0 |      25 |   0.0 |  1268
           D:2 |       0 |      62 |   0.0 |       0 |      14 |   0.0 |   944
           D:3 |       0 |      71 |   0.0 |       0 |      16 |   0.0 |   170
               +---------+---------+-------+---------+---------+-------+---------
